 Dungeon Crawl Stone Soup version 0.26-a0-651-gb41185065b (webtiles) character file.

Game seed: 16732541185106244157

293 Drevant2 the Sneak (level 6, -2/36 HPs)
             Began as an Octopode Hedge Wizard on Sept 28, 2020.
             Slain by a sky beast (4 damage)
             ... on level 5 of the Dungeon.
             The game lasted 00:18:29 (6117 turns).

Drevant2 the Sneak (Octopode Hedge Wizard)          Turns: 6117, Time: 00:18:29

Health: -2/36      AC:  2    Str:  9    XL:     6   Next: 33%
Magic:  5/10       EV: 17    Int: 19    God:
Gold:   375        SH:  0    Dex: 11    Spells: 7/11 levels left

rFire    . . .     SeeInvis .   a - +0 dagger
rCold    . . .     Faith    .   (no shield)
rNeg     . . .     Spirit   .   b - +1 hat
rPois    .         Reflect  .   (no amulet)
rElec    .         Harm     .   m - +4 ring of evasion
rCorr    +         Rampage  .   n - ring of resist corrosion
MR       .....                  (no ring)
Stlth    ++++......             (no ring)
HPRegen  0.12/turn              (no ring)
MPRegen  0.12/turn              (no ring)
                                (no ring)
                                (no ring)

@: hasted, very quick
A: almost no armour, stealthy swim, amphibious, 8 rings, constrict 8, camouflage
1, gelatinous body 1
a: no special abilities


You were on level 5 of the Dungeon.
You visited 1 branch of the dungeon, and saw 5 of its levels.

You collected 375 gold pieces.

Inventory:

Hand Weapons
 a - a +0 dagger (weapon)
Armour
 b - a +1 hat (worn)
 l - a +2 robe
Jewellery
 m - a +4 ring of evasion (left tentacle)
 n - a ring of resist corrosion (right tentacle)
 o - an uncursed amulet of magic regeneration {unknown}
Wands
 t - a wand of paralysis (8)
Scrolls
 c - 3 scrolls of enchant armour
 d - 3 scrolls of fear {unknown}
 f - 2 scrolls of remove curse
 j - 8 scrolls of identify
 q - 4 scrolls of immolation {unknown}
Potions
 e - a potion of lignification
 g - 2 potions of curing
 h - a potion of haste
 i - a potion of might
 k - a potion of ambrosia {unknown}
 p - a potion of cancellation {unknown}
 r - a potion of berserk rage {unknown}
 s - a potion of degeneration {unknown}


   Skills:
 - Level 2.0 Dodging
 + Level 5.7 Stealth
 - Level 3.0 Spellcasting
 * Level 5.1 Conjurations
   Level 1.0 Summonings
   Level 1.0 Translocations


You had 7 spell levels left.
You knew the following spells:

 Your Spells              Type           Power        Failure   Level
a - Magic Dart            Conj           ###.         1%          1
b - Conjure Flame         Conj/Fire      ##......     16%         3

Your spell library contained the following spells:

 Spells                   Type           Power        Failure   Level
 Blink                    Tloc           N/A          16%         2
 Call Imp                 Summ           #.......     16%         2
 Slow                     Hex            #.......     22%         2
 Mephitic Cloud           Conj/Pois/Air  #.......     22%         3


Dungeon Overview and Level Annotations

Branches:
Dungeon (5/15)             Temple (0/1) D:4

Altars:
Ru
The Shining One

Shops:
D:5 *

Annotations:
D:2 1 runed translucent door, Crazy Yiuf
D:3 Terence


Innate Abilities, Weirdness & Mutations

You cannot wear most types of armour.
You are very stealthy in the water. (Stealth+)
You are amphibious.
You can wear up to eight rings at the same time.
You can use your tentacles to constrict eight enemies at once.
Your skin changes colour to match your surroundings (Stealth+).
Your rubbery body absorbs attacks. (AC +1, EV +1)


Message History

Aim: a sky beast (severely wounded)
The magic dart hits the sky beast.
The sky beast is almost dead.
Casting: Magic Dart (safe; 1% risk of failure)
Confirm with . or Enter, or press ? or * to list all spells.
Aiming: Magic Dart (safe; 1% risk of failure)
Press: ? - help, Shift-Dir - straight line, f/p - sky beast
Aim: a sky beast (almost dead)
The magic dart hits the sky beast.
The sky beast is almost dead.
The sky beast flickers out of sight!
Deactivating autopickup; reactivate with Ctrl-A.
An ice beast comes into view.
You feel better. Something hits you.
* * * LOW HITPOINT WARNING * * *
Something shocks you.
* * * LOW HITPOINT WARNING * * *
You miss something. Your squeeze misses something. Something hits you.
You die...

##.##.....#
###.#...#.
#.####.###
#....<.... #.#....#
#.#.###.##
####.#.####
###.#.##.# #....#Y
#........# #.####.
#.#.#.##.# #.# #.
#.#.#.# #.#
#.####### #.#.#.#
#.# #....@..#
#.#.#.# #.#
#######.###.#.# #.#
#.....#.. #.#
#..######
#.##########..#
#.##......##..######
#...................
####.######.........
#.# ##..######


There were no monsters in sight!

Vanquished Creatures
  An orc priest (D:4)
  Jessica (D:2)
  2 iguanas
  A hound skeleton (D:5)
  A worker ant zombie (D:5)
  3 gnolls (D:3)
  3 adders
  An ufetubus (D:5)
  4 worms
  A dart slug (D:1)
  3 leopard geckos
  7 orcs (D:4)
  A ball python (D:2)
  9 giant cockroaches
  4 hobgoblins
  7 jackals
  8 kobolds
  2 quokkas
  8 bats
  6 frilled lizards
  7 goblins
  3 rats (D:3)
83 creatures vanquished.

Notes
Turn   | Place    | Note
-------+----------+-------------------------------------------
     0 | D:1      | Drevant2 the Octopode Hedge Wizard began the quest for the
                  | Orb.
     0 | D:1      | Reached XP level 1. HP: 11/11 MP: 4/4
   586 | D:1      | Reached XP level 2. HP: 16/17 MP: 1/6
  1387 | D:2      | Reached XP level 3. HP: 21/21 MP: 2/7
  2007 | D:2      | Noticed Jessica
  2010 | D:2      | Killed Jessica
  2010 | D:2      | Reached XP level 4. HP: 27/27 MP: 8/8
  2137 | D:2      | Found a glowing golden altar of the Shining One.
  2144 | D:2      | You fall into a shaft and drop 1 floor!
  2145 | D:3      | Noticed Terence
  2315 | D:2      | Found a runed translucent door.
  2316 | D:2      | Noticed Crazy Yiuf
  2753 | D:3      | Found a sacrificial altar of Ru.
  3084 | D:3      | Reached XP level 5. HP: 31/31 MP: 5/9
  3606 | D:3      | Learned a level 3 spell: Conjure Flame
  4069 | D:4      | Found a staircase to the Ecumenical Temple.
  4401 | D:4      | Noticed an ogre
  4507 | D:4      | Noticed an ogre
  4800 | D:4      | Reached skill level 5 in Stealth
  4955 | D:4      | Reached XP level 6. HP: 36/36 MP: 1/10
  5451 | D:5      | Entered Level 5 of the Dungeon
  5553 | D:5      | Found Omine's Elemental Accessories.
  5562 | D:5      | Noticed a sky beast
  5824 | D:5      | Reached skill level 5 in Conjurations
  6112 | D:5      | Noticed an ice beast
  6117 | D:5      | Slain by a sky beast

Illustrated notes

Levels and vault maps discovered:
D:1:      dpeg_arrival_three_smaller_balls, layout_basic, serial_aquarium,
          aquarium_bridge_square [aquarium_subvault_bridge,
          aquarium_subvault_bridge, aquarium_subvault_wall,
          aquarium_subvault_bridge], aquarium_window_corridor_3,
          aquarium_window_1, aquarium_window_1, aquarium_window_1,
          aquarium_view_2e, aquarium_balcony_3b, aquarium_pool_2, minivault_24,
          st_stairs_6, minmay_octomino_e4
D:2:      layout_rooms, tso_metal_star, uniq_jessica, uniq_crazy_yiuf_cottage
D:3:      layout_basic, old_standard_altar, uniq_terence
D:4:      layout_basic, minmay_temple_entry_stoned_glass, kennysheep_doodads
D:5:      layout_loops_ring, nicolae_elemental_shop

Skill      XL: |  1  2  3  4  5  6 |
---------------+-------------------+-----
Stealth        | 3 4 5 |  5.7
Conjurations   | 2 3 4 5 |  5.1
Dodging        | |  2.0
Spellcasting   | |  3.0
Summonings     | |  1.0
Translocations | |  1.0

Action                   |  1- 3 |  4- 6 || total
-------------------------+-------+-------++-------
Melee: Dagger            |    19 |    79 ||    98
       Constrict         |     6 |    15 ||    21
       Tentacles         |     4 |    10 ||    14
 Cast: Magic Dart        |    71 |   123 ||   194
  Use: Scroll            |       |     4 ||     4
       Potion            |       |     3 ||     3
 Stab: Sleeping          |     2 |     6 ||     8
       Distracted        |       |     1 ||     1
Armor: Skin              |     2 |     3 ||     5
Dodge: Dodged            |    22 |    81 ||   103

Table legend: (Time is in decaauts)
 A = Elapsed time spent in this place.
 B = Non-inter-level travel time spent in this place.
 C = Inter-level travel time spent in this place.
 D = Time resting spent in this place.
 E = Time spent auto-exploring this place.
 F = Levels seen in this place.
 G = Mean time per level.
                   A        B        C        D        E       F      G
               +--------+--------+--------+--------+--------+-----+--------+
         Total |   6114 |   5625 |    489 |   2294 |   1971 |   5 | 1222.8 |
       Dungeon |   6114 |   5625 |    489 |   2294 |   1971 |   5 | 1222.8 |
               +--------+--------+--------+--------+--------+-----+--------+

Top non-repeatable levels by time:
     D:3: 1572 daAuts
     D:1: 1501 daAuts
     D:4: 1248 daAuts
     D:2: 1134 daAuts
     D:5: 657 daAuts
